 Dungeon Crawl Stone Soup version 0.25-a0-251-g572059c536 (webtiles) character file.

Game seed: 16310303344358239125, levelgen mode: classic

246 Borgoz the Covered (level 6, -19/43 HPs)
             Began as a Halfling Fighter on Dec 4, 2019.
             Was an Initiate of Okawaru.
             Engulfed by a cloud of flame (27 damage)
             ... on level 3 of the Dungeon.
             The game lasted 00:04:43 (2580 turns).

Borgoz the Covered (Halfling Fighter)               Turns: 2580, Time: 00:04:43

Health: -19/43     AC:  9    Str: 18    XL:     6   Next: 33%
Magic:  6/6        EV:  9    Int:  6    God:    Okawaru [......]
Gold:   131        SH: 10    Dex: 15    Spells: 5/5 levels left

rFire    . . .     SeeInvis .   i - +1 short sword (vamp)
rCold    . . .     Gourm    .   c - +0 shield
rNeg     . . .     Faith    .   b - +0 scale mail
rPois    .         Spirit   .   (no helmet)
rElec    .         Reflect  .   h - +0 cloak
rCorr    .         Harm     .   r - +0 pair of gloves
MR       .....                  (no boots)
Stlth    ..........             (no amulet)
HPRegen  0.14/turn              (no ring)
MPRegen  0.10/turn              (no ring)

@: no status effects
A: small, mutation resistance 1
a: Renounce Religion


You were on level 3 of the Dungeon.
You worshipped Okawaru.
Okawaru was noncommittal.
You were not hungry.

You visited 1 branch of the dungeon, and saw 3 of its levels.

You collected 131 gold pieces.

Inventory:

Hand Weapons
 a - a +0 rapier
 i - a +1 vampiric short sword (weapon)
Armour
 b - a +0 scale mail (worn)
 c - a +0 shield (worn)
 h - a +0 cloak (worn)
 r - a +0 pair of gloves (worn)
Scrolls
 j - a scroll of identify {unknown}
 k - 3 scrolls of amnesia {unknown}
 n - 2 scrolls of remove curse {unknown}
 o - 2 scrolls of fog {unknown}
 p - a scroll of enchant weapon {unknown}
Potions
 d - a potion of might
 e - a potion of degeneration {unknown}
 l - 2 potions of mutation {unknown}
 m - 4 potions of heal wounds {unknown}
 q - a potion of curing
Comestibles
 f - 9 rations
 g - 2 chunks of flesh


   Skills:
 + Level 3.7 Fighting
 + Level 4.3 Short Blades
 + Level 4.6 Armour
 + Level 4.5 Shields


You had 5 spell levels left.
You didn't know any spells.
Your spell library was empty.

Dungeon Overview and Level Annotations

Branches:
Dungeon (3/15)

Altars:
Okawaru
Vehumet


Innate Abilities, Weirdness & Mutations

You are small and have problems with some larger weapons.
You are somewhat resistant to further mutation.


Message History

m - 4 black potions (gained 1)
There isn't anything here!
Eating one of 3 chunks of flesh.
You eat one of the 3 chunks of flesh.
This raw flesh tastes terrible.
You see here a jackal skeleton.
You see here a rapier.
Key pressed, stopping explore.
Found a radiant altar of Vehumet.
Found a glowing whip.
Really walk into a travel-excluded area?
Really walk into that cloud of flame?
Okay, then.
You are engulfed in blazing flames.
Ouch! That really hurt!
You are engulfed in blazing flames.
* * * LOW HITPOINT WARNING * * *
Unknown command.
You are engulfed in blazing flames.
Ouch! That really hurt!
You die...

......####..#.##..#
......# #.......##
......# #....####
......# ##...# ......#
#...# ......#
##..########
......#####..>.......#
..........#......).○.#
##........#.....@.°..#
.#........#.....☼_○...#
.#........#.....§...#.#
.#........####..§...#
..........# ######.#
#####...### .# #.### #
#.# #.#


There were no monsters in sight!

Vanquished Creatures
  Crazy Yiuf (D:2)
  Terence (D:2)
  A gnoll (D:1)
  9 adders
  A shadow imp (D:2)
  2 worms
  3 dart slugs
  A leopard gecko (D:2)
  An orc (D:3)
  5 giant cockroaches
  6 goblins
  7 hobgoblins
  13 jackals
  9 kobolds
  A quokka (D:2)
  A ball python (D:2)
  8 bats
  6 frilled lizards
  8 rats
84 creatures vanquished.

Vanquished Creatures (others)
  An orc (D:3)
1 creature vanquished.

Grand Total: 85 creatures vanquished

Notes
Turn   | Place    | Note
-------+----------+-------------------------------------------
     0 | D:1      | Borgoz the Halfling Fighter began the quest for the Orb.
     0 | D:1      | Reached XP level 1. HP: 15/15 MP: 1/1
   116 | D:1      | Reached XP level 2. HP: 20/20 MP: 2/2
   270 | D:1      | Reached XP level 3. HP: 25/25 MP: 3/3
   503 | D:1      | Reached XP level 4. HP: 31/31 MP: 4/4
   737 | D:2      | Noticed Terence
   756 | D:2      | Killed Terence
   851 | D:2      | Reached XP level 5. HP: 36/36 MP: 5/5
  1019 | D:2      | Found a runed translucent door.
  1020 | D:2      | Noticed Crazy Yiuf
  1641 | D:2      | Killed Crazy Yiuf
  1641 | D:2      | Reached XP level 6. HP: 31/42 MP: 6/6
  1804 | D:3      | Found an iron altar of Okawaru.
  1851 | D:3      | Became a worshipper of Warmaster Okawaru
  2568 | D:3      | Found a radiant altar of Vehumet.
  2580 | D:3      | Engulfed by a cloud of flame

Levels and vault maps discovered:
D:1:      saegor_arrival_under_anarchy, layout_basic, minmay_vboxes
D:2:      layout_loops_cross, uniq_terence, uniq_crazy_yiuf_cottage
D:3:      layout_basic, fiery_altar_vehumet, okawaru_ov_weapons_minmay

Skill      XL: |  1  2  3  4  5 |
---------------+----------------+-----
Fighting       | 3 |  3.7
Short Blades   | 3 4 |  4.3
Armour         | 4 |  4.6
Shields        | 4 |  4.5

Action                   |  1- 3 |  4- 6 || total
-------------------------+-------+-------++-------
Melee: Rapier            |    20 |       ||    20
       Short sword       |    80 |   236 ||   316
  Use: Potion            |       |     2 ||     2
 Stab: Distracted        |       |     1 ||     1
  Eat: Chunk             |       |     6 ||     6
Armor: Scale mail        |    30 |    81 ||   111
Dodge: Dodged            |    39 |    59 ||    98
Block: Shield            |    74 |   123 ||   197

Table legend:
 A = Non-vault XP
 B = Vault XP
 C = Vault XP percentage of total XP
 D = Non-vault monster count
 E = Vault monster count
 F = Vault count percentage of total count
                 A         B        C        D         E       F
            +---------+---------+-------+---------+---------+-------
      Total |     256 |      96 |  27.3 |      74 |      10 |  11.9
            +---------+---------+-------+---------+---------+-------
        D:1 |      56 |      16 |  22.2 |      26 |       8 |  23.5
        D:2 |     131 |      80 |  37.9 |      30 |       2 |   6.2
        D:3 |      69 |       0 |   0.0 |      18 |       0 |   0.0
            +---------+---------+-------+---------+---------+-------
